 Dungeon Crawl Stone Soup version 0.28.0 (webtiles) character file.

Game seed: 5632312696917410342

25483 Oki the Fighter (level 13, -20/103 HPs)
             Began as a Djinni Conjurer on Feb 5, 2022.
             Shot with an arrow by a centaur warrior (34 damage)
             ... on level 10 of the Dungeon.
             The game lasted 01:06:39 (18880 turns).

Oki the Fighter (Djinni Conjurer)                  Turns: 18880, Time: 01:06:39

Health: -20/103    AC:  6    Str:  6    XL:     13   Next: 50%
Gold:   396        EV: 19    Int: 25    God:
                   SH:  0    Dex: 18

rFire   + + .      SeeInvis .   a - staff of conjuration
rCold   x . .      Faith    .   (no shield)
rNeg    . . .      Spirit   .   N - +2 robe {Will+}
rPois   ∞          Reflect  .   (no helmet)
rElec   .          Harm     .   A - +0 cloak
rCorr   .          Rampage  .   K - +0 pair of gloves
Will    +++..                   (boots unavailable)
Stlth   +++.......              (no amulet)
HPRegen 0.27/turn               y - ring of willpower
MPRegen 0.00/turn               p - +6 ring of dexterity

@: flying
A: sickness immunity, fire resistance 2, cold vulnerability 1, float, innate
caster, HP casting, extra vitality 1, screaming 1
a: no special abilities


You were on level 10 of the Dungeon.
You visited 2 branches of the dungeon, and saw 11 of its levels.
You also visited: Sewer.

You collected 438 gold pieces.
You spent 42 gold pieces at shops.

Inventory:

Hand Weapons
 b - the +7 rapier of Inflation {protect, Dex+2}
   (You found it on level 9 of the Dungeon)

   It grants its wielder temporary protection when it strikes (+7 to AC).
   Dex:       It affects your dexterity (+2).
Missiles
 c - a throwing net
Armour
 f - a +1 robe
 l - a +0 troll leather armour
 A - a +0 cloak (worn)
 B - a +2 robe of fire resistance
 K - a +0 pair of gloves (worn)
 M - +0 acid dragon scales
 N - a +2 robe of willpower (worn)
 P - a scarf of invisibility
Magical Staves
 a - a staff of conjuration (weapon)
 O - a staff of air
Jewellery
 p - a +6 ring of dexterity (right hand)
 u - a ring of protection from fire
 v - a ring of positive energy
 y - a ring of willpower (left hand)
 G - a ring of positive energy
Wands
 z - a wand of mindburst (14)
 D - a wand of iceblast (11)
 E - a wand of digging (2)
 F - a wand of acid (11)
 R - a wand of paralysis (8)
Scrolls
 d - a scroll of enchant weapon
 e - 7 scrolls of teleportation
 h - a scroll of magic mapping
 j - 2 scrolls of fog
 m - a scroll of torment {unknown}
 n - a scroll of summoning
 q - 3 scrolls of enchant armour
 w - a scroll of blinking {unknown}
 x - a scroll of brand weapon {unknown}
 H - a scroll of fear
 L - a scroll of vulnerability {unknown}
 Q - a scroll of immolation
 S - a scroll of silence {unknown}
Potions
 g - 2 potions of attraction
 i - 2 potions of resistance
 k - 6 potions of curing
 o - 4 potions of brilliance
 r - 2 potions of heal wounds
 s - a potion of haste
 t - 3 potions of might
 C - 4 potions of lignification
 I - a potion of mutation {!q}
 J - a potion of ambrosia


   Skills:
 * Level 13.0 Fighting
 + Level 11.4 Dodging
 * Level 4.9 Stealth
 * Level 11.7 Spellcasting


You had 3 spell levels left.
You knew the following spells:

 Your Spells              Type           Power      Damage    Failure   Level
a - Wereblood             Tmut           65%        N/A       1%          2
b - Iskenderun's Mystic   Conj/Tloc      83%        2d16      1%          4
c - Portal Projectile     Hex/Tloc       100%       N/A       1%          3
d - Dazzling Flash        Conj/Hex       100%       N/A       1%          3
f - Inner Flame           Hex/Fire       65%        N/A       1%          3
i - Ice Form              Ice/Tmut       65%        N/A       1%          4
p - Fulminant Prism       Conj/Hex       41%        3d20      1%          4
r - Searing Ray           Conj           100%       2d8       1%          2
s - Slow                  Hex            100%       N/A       1%          1
v - Borgnjor's Vile Clut  Necr/Erth      32%        N/A       1%          5
x - Magic Dart            Conj           100%       1d8       1%          1
Your spell library was empty.

Dungeon Overview and Level Annotations

Branches:
Dungeon (10/15)            Temple (1/1) D:7            Lair (0/6) D:9
  Sewer (visited)
    Orc: D:9-12

Altars:
Cheibriados
Dithmenos
Elyvilon
Fedhas
Gozag
Hepliaklqana
Kikubaaqudgha
Makhleb
Nemelex Xobeh
Okawaru
Qazlal
Ru
Sif Muna
Trog
Uskayaw
Vehumet
Wu Jian
Xom
Yredelemnul
Zin
The Shining One

Shops:
D:1 !   D:4 ?   D:6 =


Innate Abilities, Weirdness & Mutations

You are immune to sickness and miasma.
You are immune to poison.
Your flesh is very heat resistant. (rF++)
You are vulnerable to cold. (rC-)
You float through the air rather than walking.
You learn spells naturally, not from books.
Your magical power is your life essence.
You have superior vitality. (+4 MHP)
You occasionally shout uncontrollably at your foes.


Message History

The zombie hands constrict the centaur warrior!
The centaur warrior unwields a +3 whip.
The centaur warrior wields a +0 longbow.
The centaur warrior shoots an arrow.
The arrow hits you!
The centaur warrior shoots an arrow.
The arrow closely misses you.
Casting: Borgnjor's Vile Clutch (mildly dangerous; 1% risk of failure)
Confirm with . or Enter, or press ? or * to list all spells.
Aiming: Inner Flame (safe; 1% risk of failure)
Press: ? - help, Dir - move target, f/p - centaur warrior
Aim: a centaur warrior, wielding a +0 longbow and quivering arrows (lightly wounded, constricted by zombie hands, chance to affect: 89%)
The centaur warrior is filled with an inner flame.
The zombie hands constrict the centaur warrior!
Flame seeps out of the centaur warrior.
The centaur warrior is engulfed in blazing flames.
Flame seeps out of the centaur warrior.
The centaur warrior shoots an arrow.
The arrow hits you!
The zombie hands constrict the centaur warrior!
Flame seeps out of the centaur warrior.
The centaur warrior is engulfed in blazing flames.
Flame seeps out of the centaur warrior.
The centaur warrior drinks a potion.
The centaur warrior is healed!
The centaur warrior is engulfed in blazing flames.
Flame seeps out of the centaur warrior.
The centaur warrior shoots an arrow.
The arrow hits you!
Things that are here:
a +0 giant spiked club; a +0 giant club The zombie hands lose their grip on something.
You see here 3 large rocks.
Casting: Inner Flame (safe; 1% risk of failure)
Confirm with . or Enter, or press ? or * to list all spells.
You can't see any susceptible monsters within range! (Use Z to cast anyway.) Unknown command.
The centaur warrior shoots an arrow.
The arrow barely misses you.
You see here a +4 scimitar of flaming.
The centaur warrior shoots an arrow.
The arrow hits you!!
There is a stone staircase leading up here.
The centaur warrior shoots an arrow.
The arrow hits you!!
* * * LOW HITPOINT WARNING * * *
The centaur warrior shoots an arrow.
The arrow hits you!!
You die...

#####...............#.#
........................#.#
.............#########.#.#
.......(...............#.#
..........###########.#.#
..................#.#.#.#
#######.#########...........#.#
#.....#.# #...............#.#
♣.♣♣♣.#.#####.##@######.###.#.#
..♣♣.))[.[.(....)...........#.#
..♣♣.[#...###[.).....##.#####.#
#.....#.#.# #.[(.....##...:...#
#######.#.####)......##.#######
###....([).###.####
#....[).####.# #....c..'....#
#.......######


You could see a centaur warrior (inner flame).

Vanquished Creatures
  A dire elephant (shapeshifter) (D:10)
  A hydra (D:10)
  Erolcha (D:10)
  Harold (D:10)
  An ice dragon (D:10)
  2 boulder beetles
  2 centaur warriors (D:10)
  5 two-headed ogres
  Erica (D:8)
  Urug (D:10)
  A skeletal warrior (D:7)
  A wolf spider (D:10)
  3 ugly things (D:10)
  2 cyclopes
  A manticore (D:7)
  8 centaur zombies
  A gargoyle (D:10)
  3 unseen horrors
  A komodo dragon (D:7)
  An efreet (D:10)
  A freezing wraith (D:10)
  3 trolls (D:7)
  2 hornets
  Sigmund (D:6)
  A wyvern (D:9)
  A wraith (D:10)
  4 yaks (D:9)
  5 vampire mosquitoes (D:10)
  A steam dragon (D:9)
  2 acid dragons
  3 water moccasins
  Duvessa (D:6)
  2 ice beasts
  3 orc warriors
  A sky beast (D:7)
  A black bear (D:8)
  4 ogres
  A necrophage (D:7)
  6 centaurs
  4 kobold brigands
  4 bullfrogs
  A gnoll sergeant (D:10)
  A scorpion (D:5)
  A wyvern skeleton (D:7)
  11 killer bees
  A water moccasin skeleton (D:5)
  Dowan (D:6)
  17 wights
  3 howler monkeys
  A bullfrog zombie (D:5)
  2 jellies
  7 orc priests
  A bullfrog skeleton (D:6)
  2 hounds (D:7)
  4 gnoll shamans
  9 iguanas
  12 orc wizards
  3 hound zombies
  2 hound skeletons (D:4)
  4 howler monkey zombies
  14 gnolls
  15 adders
  2 river rats (Sewer)
  4 shadow imps
  4 white imps
  An ufetubus (D:5)
  2 adder zombies (D:4)
  3 adder skeletons (D:4)
  3 worms
  2 dart slugs
  34 orcs
  15 ball pythons
  8 endoplasms
  3 giant cockroaches
  6 goblins
  5 hobgoblins
  8 jackals
  A quokka (D:4)
  4 bats
  4 frilled lizards
  18 kobolds
  32 rats
  A fulminant prism (D:7)
361 creatures vanquished.

Vanquished Creatures (others)
  196 fulminant prisms
  8 fungi (D:7)
  2 plants (D:7)
206 creatures vanquished.

Grand Total: 567 creatures vanquished

Notes
Turn   | Place    | Note
-------+----------+-------------------------------------------
     0 | D:1      | Oki the Djinni Conjurer began the quest for the Orb.
     0 | D:1      | Reached XP level 1. HP: 15/15 MP: 0/0
   282 | D:1      | Reached XP level 2. HP: 20/22 MP: 0/0
   438 | D:1      | Reached skill level 1 in Fighting
   701 | D:1      | Found Fow Batz's Distillery.
   920 | D:2      | Reached XP level 3. HP: 19/27 MP: 0/0
   920 | D:2      | Learned a level 1 spell: Slow
  1598 | D:2      | Reached XP level 4. HP: 30/33 MP: 0/0
  1761 | D:2      | Reached skill level 2 in Fighting
  2338 | D:3      | Reached XP level 5. HP: 30/39 MP: 0/0
  2338 | D:3      | Learned a level 2 spell: Wereblood
  2359 | D:3      | Found a glowing drain.
  2364 | Sewer    | Entered a sewer
  2813 | Sewer    | Reached skill level 3 in Fighting
  2969 | Sewer    | Reached XP level 6. HP: 40/46 MP: 0/0
  3543 | D:2      | Gained mutation: You occasionally shout uncontrollably at
                  | your foes. [potion of mutation]
  3545 | D:2      | Reached skill level 7 in Fighting
  3545 | D:2      | Reached XP level 7. HP: 58/58 MP: 0/0
  3545 | D:2      | Learned a level 3 spell: Portal Projectile
  3581 | D:3      | Found a hazy altar of Hepliaklqana.
  3706 | D:1      | Bought a potion of curing for 42 gold pieces
  4022 | D:3      | You are sucked into a shaft and drop 1 floor!
  4129 | D:3      | Found a faded altar of an unknown god.
  4254 | D:4      | Found Ocyogg's Magic Scroll Boutique.
  4258 | D:4      | Reached XP level 8. HP: 55/64 MP: 0/0
  5620 | D:5      | Entered Level 5 of the Dungeon
  5997 | D:5      | Reached XP level 9. HP: 58/70 MP: 0/0
  5997 | D:5      | Learned a level 3 spell: Inner Flame
  6160 | D:5      | Reached skill level 8 in Fighting
  7006 | D:6      | Noticed Duvessa
  7135 | D:6      | Killed Duvessa
  7309 | D:6      | Found Orphom's Jewellery Boutique.
  7352 | D:6      | Reached XP level 10. HP: 62/77 MP: 0/0
  7489 | D:6      | Noticed Dowan
  7506 | D:6      | Killed Dowan
  7889 | D:6      | Noticed Sigmund
  7896 | D:6      | Killed Sigmund
  7897 | D:6      | Reached skill level 9 in Fighting
  8996 | D:7      | Found a blossoming altar of Fedhas.
  9201 | D:7      | Noticed a cyclops
  9217 | D:7      | Killed a cyclops
  9423 | D:7      | Found a staircase to the Ecumenical Temple.
  9428 | Temple   | Entered the Ecumenical Temple
 10145 | D:7      | Noticed a two-headed ogre
 10189 | D:7      | Killed a two-headed ogre
 10190 | D:7      | Reached XP level 11. HP: 70/85 MP: 0/0
 10190 | D:7      | Learned a level 4 spell: Ice Form
 10446 | D:7      | Reached skill level 10 in Fighting
 10451 | D:7      | Noticed a manticore
 10549 | D:7      | Noticed a boulder beetle
 10705 | D:7      | Killed a manticore
 10852 | D:7      | Noticed a skeletal warrior
 10869 | D:7      | Reached skill level 10 in Spellcasting
 11141 | D:7      | Killed a skeletal warrior
 11224 | D:7      | Killed a boulder beetle
 11633 | D:8      | Found a glowing silver altar of Zin.
 11633 | D:8      | Noticed an angel
 12098 | D:8      | Noticed Erica
 12107 | D:8      | Killed Erica
 12311 | D:8      | Reached skill level 10 in Dodging
 12315 | D:8      | Reached skill level 11 in Fighting
 12583 | D:8      | Found an opulent altar of Gozag.
 13290 | D:9      | Reached XP level 12. HP: 74/94 MP: 0/0
 13375 | D:9      | Found a stormy altar of Qazlal.
 14386 | D:9      | Noticed a two-headed ogre
 14396 | D:9      | Killed a two-headed ogre
 14509 | D:9      | Found a staircase to the Lair.
 14551 | D:9      | Identified the +7 rapier of Inflation {protect, Dex+2}
 14697 | D:9      | Noticed a two-headed ogre
 14719 | D:9      | Killed a two-headed ogre
 14957 | D:10     | Entered Level 10 of the Dungeon
 14958 | D:10     | Noticed Harold
 14967 | D:10     | Killed Harold
 15071 | D:10     | Noticed Erolcha
 15233 | D:10     | Killed Erolcha
 15303 | D:10     | Noticed Urug
 15310 | D:10     | Killed Urug
 15311 | D:10     | Reached skill level 12 in Fighting
 15883 | D:10     | Noticed a four-headed hydra
 15892 | D:10     | Killed a four-headed hydra
 16681 | D:10     | Noticed a boulder beetle
 16745 | D:10     | Killed a boulder beetle
 16746 | D:10     | HP: 3/96 [cloud of flame (6)]
 17254 | D:10     | Noticed a centaur warrior
 17259 | D:10     | Killed a centaur warrior
 17260 | D:10     | Reached XP level 13. HP: 59/102 MP: 0/0
 17260 | D:10     | Learned a level 5 spell: Borgnjor's Vile Clutch
 17482 | D:10     | Noticed a jorogumo
 17482 | D:10     | a goliath frog changed into a jorogumo
 17488 | D:10     | Noticed a dire elephant
 17488 | D:10     | a jorogumo changed into a dire elephant
 17491 | D:10     | Killed a dire elephant
 17500 | D:10     | Noticed a centaur warrior
 17713 | D:10     | Killed a centaur warrior
 18648 | D:10     | Noticed an ice dragon
 18655 | D:10     | Killed an ice dragon
 18748 | D:10     | Reached skill level 13 in Fighting
 18871 | D:10     | Noticed a centaur warrior
 18880 | D:10     | Shot with an arrow by a centaur warrior

Illustrated notes

Levels and vault maps discovered:
D:1:      eino_arrival_cavern_a, layout_loops_ring, serial_shops, shop_statue
D:2:      layout_basic
D:3:      layout_loops_cross, lemuel_tele_altar,
          hellmonk_ecumenical_altar_leap_of_faith, portal_sewer_entry_e
D:4:      layout_basic, serial_undead, serial_undead_a, serial_undead_e,
          serial_undead_c, serial_undead_f, serial_shops, nicolae_stop_n_shop_2,
          kennysheep_cross_bottleneck, nicolae_concentric_dashed_squares_mild
D:5:      layout_loops_cross
D:6:      layout_basic, mainiacjoe_overflow_surrounded_room, serial_shops, shop,
          chequers_serial_rivers_small_a, eino_tiny_chamber, uniq_duvessa,
          uniq_sigmund
D:7:      minmay_the_grid_octo_2x2 [minmay_the_grid_octo_fan_narrow,
          minmay_the_grid_octo_teeth, minmay_the_grid_octo_empty,
          minmay_the_grid_octo_prize_ultimate_mussel_roller], layout_layer_cave,
          fedhas_altar_3, temple_doors_ab, minmay_chambers_of_fives
D:8:      black_bear_nest_1, layout_basic, zin_angel, general_overflow_altar,
          kennysheep_generic_room_8, uniq_erica
D:9:      layout_loops_corners, old_standard_altar, lair_entry_dummy
D:10:     nzn_winding_woodlands_large [nzn_winding_woodlands_5x5_default,
          nzn_winding_woodlands_5x15_split_checker,
          nzn_winding_woodlands_5x5_checkerboard,
          nzn_winding_woodlands_center_triple_pond,
          nzn_winding_woodlands_15x15_killbox,
          nzn_winding_woodlands_center_pierced_h,
          nzn_winding_woodlands_5x5_perimeter,
          nzn_winding_woodlands_5x15_default, nzn_winding_woodlands_5x5_three],
          layout_basic, evilmike_ruin_ashenzari, uniq_erolcha, uniq_urug,
          uniq_harold
Temple:   regret_index_temple_generic_petals

Skill      XL: |  1  2  3  4  5  6  7  8  9 10 11 12 13 |
---------------+----------------------------------------+-----
Fighting       | 1 2 3 7 8 9 11 12 13 | 13.0
Dodging        | 3 7 8 9 10 11 | 11.4
Spellcasting   | 4 8 9 10 11 | 11.7
Stealth        | 3 4 |  4.9

Action                   |  1- 3 |  4- 6 |  7- 9 | 10-12 | 13-15 || total
-------------------------+-------+-------+-------+-------+-------++-------
Melee: Rapier            |       |     3 |       |       |       ||     3
 Cast: Magic Dart        |    62 |    95 |    55 |    88 |     1 ||   301
       Searing Ray       |       |    12 |    16 |    23 |     1 ||    52
       Fulminant Prism   |       |     1 |    36 |   149 |    12 ||   198
       Iskenderun's Myst |       |     1 |    15 |    66 |     9 ||    91
       Inner Flame       |       |       |     4 |    13 |    13 ||    30
       Borgnjor's Vile C |       |       |       |       |    23 ||    23
  Use: Scroll            |       |     7 |     2 |     9 |       ||    18
       Potion            |       |     3 |     1 |     1 |       ||     5
Armor: Robe              |     2 |     5 |     4 |    11 |     2 ||    24
Dodge: Dodged            |     2 |    36 |    29 |    56 |    13 ||   136
